Selects Airborne Battlegroup
Construct Weapon Support Center
M3 Armored Personnel Carrier
M3 Armored Personnel Carrier
Selects Paratrooper Squad Paradrop
Paratrooper Squad Paradrop
Paratrooper Squad Paradrop
Selects Anti-tank Gun Team Paradrop
M4(105) Sherman Bulldozer
Advanced Air Reconnaissance
Selects Dual P-47 Rocket Strike
Grasshopper High-Altitude Recon Run
Anti-tank Gun Team Paradrop
Grasshopper High-Altitude Recon Run
Grasshopper High-Altitude Recon Run
Grasshopper High-Altitude Recon Run